Map: Dusk Towers

Players

Miszu

  • Race: Terran Terran
  • League: Grandmaster

lllllIIIllIl - Winner!

  • Race: Protoss Protoss
  • League: Grandmaster

VOD

Have the link to the VOD?

Description

Time

  • Played on: Feb. 20, 2016, 1:46 p.m.
  • Length: 11:24
Show
View Real Time Build Order
Export as new Build Order

Miszu Terran 

Build Orders: 1/1/1, Liberator Opening, MMM Bio 

Get SALT Encoding   

  12  0:00  SCV  
  13  0:12  SCV  
  14  0:17  Supply Depot  
  14  0:25  SCV  
  15  0:39  SCV  
  15  0:40  Barracks  
  16  0:43  Refinery  
  16  0:51  SCV  
  16  0:52  Refinery  
  17  1:03  SCV  
  18  1:15  SCV  
  20  1:33  Orbital Command  
  20  1:34  Marine  
  20  1:35  Factory  
  20  1:41  Supply Depot  
  20  1:54  Barracks Reactor  
  20  1:58  SCV  
  21  2:10  SCV  
  22  2:22  SCV  
  23  2:24  Starport  
  23  2:31  Supply Depot  
  23  2:33  Marine x2, Hellion  
  23  2:36  SCV  
  28  2:48  SCV  
  28  2:51  Marine x2  
  30  2:55  Hellion  
  33  3:00  SCV  
  33  3:01  Medivac  
  36  3:07  Supply Depot  
  36  3:08  Marine  
  36  3:11  Marine  
  36  3:12  SCV  
  39  3:14  Liberator  
  39  3:28  SCV  
  39  3:29  Hellion  
  45  3:41  SCV  
  46  3:49  Marine  
  47  4:00  Supply Depot  
  47  4:02  Marine, SCV  
  46  4:04  Widow Mine  
  44  4:14  SCV  
  41  4:26  SCV  
  40  4:38  SCV  
  39  4:49  Command Center  
  37  5:01  SCV  
  37  5:03  Viking, Widow Mine  
  37  5:04  Marine x2  
  44  5:13  SCV  
  45  5:26  SCV  
  38  5:38  SCV  
  38  5:40  Marine x2  
  40  5:50  SCV  
  40  5:51  Factory Tech Lab  
  38  5:58  Marine x2  
  38  6:02  SCV  
  38  6:03  Orbital Command  
  41  6:04  Barracks  
  41  6:06  Barracks  
  41  6:14  SCV  
  41  6:15  Siege Tank  
  45  6:26  SCV  
  45  6:30  Barracks Tech Lab  
  46  6:35  Starport Reactor  
  46  6:36  SCV  
  46  6:38  SCV  
  48  6:43  Engineering Bay  
  48  6:48  Marine, SCV  
  48  6:49  Stimpack  
  48  6:50  SCV  
  48  6:51  Siege Tank  
  54  7:00  SCV  
  55  7:03  SCV  
  55  7:04  Barracks Tech Lab  
  55  7:10  Marauder  
  55  7:12  SCV  
  55  7:15  SCV  
  59  7:22  Marine  
  59  7:23  Marine, Siege Tank  
  59  7:24  SCV  
  59  7:29  SCV  
  68  7:32  Refinery, Terran Infantry Weapons Level 1  
  68  7:33  Refinery  
  68  7:35  Supply Depot  
  68  7:36  SCV  
  70  7:37  Marine x2  
  70  7:38  Combat Shields  
  70  7:40  Marine  
  70  7:49  Supply Depot  
  70  7:50  Medivac x2, SCV x2  
  76  7:55  Marine x2  
  76  7:56  Marine  
  75  8:02  SCV  
  75  8:03  Siege Tank  
  75  8:05  Marine  
  79  8:09  SCV  
  81  8:13  Marine x2  
  81  8:15  Marine  
  81  8:19  Supply Depot  
  84  8:20  SCV  
  84  8:23  Marine  
  84  8:25  Supply Depot  
  86  8:31  Liberator x2  
  86  8:32  SCV  
  87  8:38  Marine x3  
  87  8:41  Marine  
  92  8:56  Marine x3  
  92  8:58  SCV  
  92  9:00  SCV  
  89  9:10  SCV  
  89  9:12  SCV  
  91  9:17  Liberator x2  
  91  9:18  Marine x4  
  91  9:22  SCV  
  91  9:23  Supply Depot  
  96  9:24  SCV  
  96  9:35  Marine  
  103  9:39  Marauder  
  105  9:55  Marine x2  
  107  10:00  Marine  
  107  10:01  Marine, Siege Tank  
  112  10:12  Marine  
  112  10:13  Marine  
  114  10:17  Orbital Command  
  114  10:18  Marine x2  
  116  10:23  Refinery  
  116  10:24  Refinery  
  116  10:30  Marine x2  
  112  10:36  Marine x2  
  108  10:48  Marine x2  
  108  10:54  Marine x2  
Show
View Real Time Build Order
Export as new Build Order

lllllIIIllIl Protoss - Winner!

Build Orders: 1 Gate Expand, Oracle Opening 

Get SALT Encoding   

  12  0:02  Probe (Chrono Boost)  
  13  0:13  Probe (Chrono Boost)  
  14  0:23  Pylon, Probe (Chrono Boost)  
  15  0:42  Gateway, Probe (Chrono Boost)  
  16  0:52  Probe (Chrono Boost)  
  17  0:58  Assimilator  
  17  1:03  Probe (Chrono Boost)  
  18  1:16  Nexus  
  18  1:21  Probe (Chrono Boost)  
  19  1:30  Cybernetics Core  
  19  1:33  Probe (Chrono Boost)  
  20  1:44  Probe (Chrono Boost), Assimilator  
  21  1:49  Pylon  
  21  1:54  Probe (Chrono Boost)  
  22  2:05  Probe (Chrono Boost)  
  22  2:07  Adept (Chrono Boost)  
  25  2:10  Warp Gate  
  25  2:17  Probe  
  25  2:22  Pylon  
  26  2:29  Probe x2 (Chrono Boost)  
  28  2:40  Stargate, Probe x2 (Chrono Boost)  
  30  2:51  Stalker, Probe x2 (Chrono Boost)  
  34  3:01  Probe x2 (Chrono Boost)  
  36  3:12  Probe x2 (Chrono Boost)  
  38  3:24  Oracle (Chrono Boost), Pylon, Probe (Chrono Boost)  
  38  3:25  Probe  
  43  3:28  Assimilator  
  43  3:37  Gateway x2  
  43  3:42  Probe  
  43  3:43  Probe  
  45  3:54  Probe  
  45  3:55  Probe  
  50  4:05  Probe  
  51  4:15  Pylon  
  44  4:24  Adept  
  44  4:29  Probe  
  44  4:30  Probe  
  38  4:39  Probe  
  38  4:40  Stalker x2  
  38  4:41  Probe  
  44  4:50  Mothership Core, Probe  
  44  4:52  Pylon  
  45  4:53  Stalker  
  49  5:00  Probe  
  49  5:01  Pylon  
  49  5:06  Sentry, Stalker  
  54  5:10  Probe  
  54  5:11  Pylon, Probe  
  55  5:20  Probe  
  52  5:25  Probe  
  54  5:34  Probe  
  47  5:36  Probe  
  49  5:44  Stalker x2, Probe  
  49  5:47  Probe  
  55  5:55  Probe  
  56  5:57  Robotics Facility  
  56  5:59  Sentry  
  58  6:05  Probe x2  
  58  6:07  Twilight Council  
  60  6:15  Pylon  
  60  6:17  Probe x2  
  62  6:28  Stalker x3  
  62  6:31  Blink  
  62  6:32  Probe x2  
  70  6:43  Probe x2  
  70  6:44  Observer (Chrono Boost)  
  73  6:55  Probe x2  
  75  7:03  Warp Prism (Chrono Boost)  
  75  7:08  Assimilator, Probe  
  78  7:11  Nexus, Probe  
  74  7:33  Stalker x2  
  74  7:34  Observer (Chrono Boost), Stalker  
  81  7:38  Probe x2  
  83  7:47  Pylon  
  83  7:50  Pylon, Probe x2  
  82  8:02  Probe x2  
  84  8:08  Adept x3  
  84  8:11  Pylon  
  90  8:14  Probe x2 (Chrono Boost)  
  90  8:15  Observer (Chrono Boost)  
  90  8:17  Forge  
  93  8:25  Resonating Glaives  
  93  8:26  Probe x2 (Chrono Boost)  
  95  8:28  Forge  
  95  8:35  Immortal  
  95  8:37  Probe (Chrono Boost)  
  100  8:46  Adept x2  
  100  8:47  Adept  
  106  8:48  Protoss Ground Weapons Level 1  
  106  8:50  Probe x2 (Chrono Boost)  
  104  9:05  Gateway, Probe (Chrono Boost)  
  104  9:08  Gateway  
  95  9:11  Stalker x3  
  95  9:16  Immortal (Chrono Boost)  
  105  9:23  Probe x3, Assimilator  
  108  9:25  Assimilator  
  108  9:39  Adept x3  
  108  9:41  Gateway  
  108  9:44  Gateway  
  114  9:47  Gateway  
  114  9:48  Pylon  
  114  9:51  Immortal (Chrono Boost)  
  118  10:08  Adept x3  
  124  10:32  Adept x4  
  130  10:42  Pylon  
  130  10:44  Adept  
  130  10:48  Pylon  
  132  10:52  Adept  
  132  11:02  Adept x5  
  132  11:03  Adept  
  118  11:21  Adept  
Tags
 
Add a new tag
Caveats
  • Supply blocks, unpowered buildings, or Contaminate may cause inaccurate times.
  • Supply counts are checked every 10 seconds.